 Dungeon Crawl Stone Soup version 0.25-a0-294-gea9b1ad378 (webtiles) character file.

Game seed: 7306528307403137221, levelgen mode: deterministic

804649 Lanoc the Bringer of Light (level 27, -8/293 HPs)
             Began as a Troll Gladiator on Dec 17, 2019.
             Was the Champion of the Shining One.
             Mangled by an eldritch tentacle (23 damage)
             ... called by the power of Zot
             ... on level 5 of the Realm of Zot on Dec 18, 2019.
             The game lasted 04:11:29 (76332 turns).

Lanoc the Bringer of Light (Troll Gladiator)       Turns: 76332, Time: 04:11:30

Health: -8/293     AC: 50    Str: 26 (28) XL:     27
Magic:  30/38      EV: 16    Int:  5 (9)  God:    the Shining One [******]
Gold:   6912       SH: 23    Dex: 16 (18) Spells: 24/26 levels left

rFire    + . .     SeeInvis .   b - +9 trishula (holy)
rCold    + + +     Gourm    +   v - +0 large shield {AC+3}
rNeg     + + +     Faith    .   j - +11 gold dragon scales
rPois    +         Spirit   .   E - +2 hat {MR+}
rElec    .         Reflect  +   u - scarf {cloud immunity}
rCorr    +         Harm     .   (gloves unavailable)
MR       +++..                  (boots unavailable)
Stlth    ..........             w - amulet "Lubbuasu" {Reflect rC++ rN+ SH+2}
HPRegen  0.98/turn              Z - ring of Robustness {AC+8}
MPRegen  0.26/turn              k - ring of resist corrosion

@: brilliant, hasted and slowed, lost intelligence, glowing, studying 2 skills
A: large, unfitting armour, claws 3, blurry vision 2, clumsy 1, fast metabolism
3, gourmand, poison resistance, regeneration 1, shaggy fur 1, tough skin 3, weak
1, sturdy frame 1
}: 4/15 runes: barnacled, slimy, silver, gossamer
a: Divine Shield, Cleansing Flame, Summon Divine Warrior, Renounce Religion


You were on level 5 of the Realm of Zot.
You worshipped the Shining One.
The Shining One was exalted by your worship.
You were not hungry.

You visited 12 branches of the dungeon, and saw 56 of its levels.
You visited 1 ziggurat, and saw 17 of its levels.
You also visited: Trove, Ice Cave and Desolation.

You collected 9786 gold pieces.
You spent 2874 gold pieces at shops.

Inventory:

Hand Weapons
 a - the +11 spear of the Spectre {pierce, rF+ rC++ MR+}
   (You found it on level 4 of the Dungeon)

   It inflicts extra damage upon your enemies.
   It protects you from fire.
   It greatly protects you from cold.
   It affects your resistance to hostile enchantments.
 b - a +9 trishula of holy wrath (weapon)
 i - the +7 glaive of Frustration {chop, rF+ Str-4 Dex+2}
   (You found it on level 16 of a ziggurat)

   It inflicts extra damage upon your enemies.
   It affects your strength (-4).
   It affects your dexterity (+2).
   It protects you from fire.
 m - a +9 demon trident
Missiles
 d - 19 throwing nets
 I - 73 silver javelins
 K - 137 large rocks (quivered)
Armour
 j - +11 gold dragon scales (worn)
 u - a scarf of cloud immunity (worn)
 v - a +0 large shield of protection (worn)
 E - a +2 hat of magic resistance (worn)
 V - the +0 cloak of Kaxtinn {rElec Stlth+}
   (You found it in the Desolation of Salt)

   It insulates you from electricity.
   It makes you more stealthy.
Jewellery
 c - the ring "Komugowa" {rPois rF+ Int+2}
   (You found it in the Desolation of Salt)

   [ring of intelligence]

   It affects your intelligence (+2).
   It protects you from fire.
   It protects you from poison.
 k - a ring of resist corrosion (right claw)
 q - the amulet "Joddytyx" {Faith rC+++ rN+}
   (You took it off a vampire on level 3 of the Crypt)

   [amulet of faith]

   It allows you to gain divine favour quickly.
   It renders you almost immune to cold.
   It protects you from negative energy.
 w - the amulet "Lubbuasu" (around neck) {Reflect rC++ rN+ SH+2}
   (You found it in a treasure trove)

   [amulet of reflection]

   It shields you and reflects attacks.
   It greatly protects you from cold.
   It protects you from negative energy.
   It affects your SH (+2).
 A - the ring "Pyora" {rF+ rN+ Str+5}
   (You found it in the Desolation of Salt)

   [ring of positive energy]

   It affects your strength (+5).
   It protects you from fire.
   It protects you from negative energy.
 P - an uncursed ring of flight
 Z - the ring of Robustness (left claw) {AC+8}
   (You bought it in a shop on level 12 of the Dungeon)

   [ring of protection]

   It affects your AC (+8).
Wands
 y - a wand of scattershot (5)
 N - a wand of iceblast (9)
 Q - a wand of acid (59)
 R - a wand of digging (10)
Scrolls
 e - a scroll of silence
 t - 9 scrolls of teleportation
 x - 3 scrolls of immolation
 C - a scroll of blinking
 D - 32 scrolls of remove curse
 F - 20 scrolls of identify
 G - 7 scrolls of fear
 L - 7 scrolls of magic mapping
 S - 10 scrolls of fog
 X - 6 scrolls of holy word
Potions
 h - 9 potions of curing
 l - 4 potions of flight
 n - 5 potions of haste
 o - 5 potions of cancellation
 r - 4 potions of mutation
 B - 9 potions of magic
 H - 5 potions of agility
 M - 3 potions of ambrosia
 O - 11 potions of lignification
 U - 7 potions of brilliance
 W - 5 potions of resistance
Books
 T - a manual of Polearms
 Y - a manual of Spellcasting
Miscellaneous
 g - a phial of floods
 p - 2 boxes of beasts
 s - a lamp of fire
 z - 4 phantom mirrors
 J - a fan of gales
Comestibles
 f - 96 rations


   Skills:
 + Level 20.5 Fighting
   Level 4.3(10.1) Axes
 - Level 13.7(14.0) Polearms
 - Level 1.7 Throwing
 * Level 20.0 Armour
 + Level 20.5 Dodging
 - Level 15.0 Shields
 - Level 24.0 Invocations


You had 24 spell levels left.
You knew the following spells:

 Your Spells              Type           Power        Failure   Level  Hunger
a - Apportation           Tloc           #.....       41%         1    ##.....
b - Summon Butterflies    Summ           #.......     41%         1    ##.....

Your spell library contained the following spells:

 Spells                   Type           Power        Failure   Level  Hunger
 Animate Skeleton         Necr           N/A          41%         1    ##.....
 Beastly Appendage        Tmut           #.....       41%         1    ##.....
 Confusing Touch          Hex            #.....       41%         1    ##.....
 Corona                   Hex            #......      41%         1    ##.....
 Foxfire                  Conj/Fire      #...         41%         1    ##.....
 Freeze                   Ice            #...         41%         1    ##.....
 Infusion                 Chrm           #...         41%         1    ##.....
 Magic Dart               Conj           #...         41%         1    ##.....
 Pain                     Necr           #...         41%         1    ##.....
 Sting                    Tmut/Pois      #...         41%         1    ##.....
 Summon Small Mammal      Summ           #...         41%         1    ##.....
 Blink                    Tloc           N/A          52%         2    ###....
 Call Imp                 Summ           #.......     52%         2    ###....
 Corpse Rot               Necr/Air       N/A          52%         2    ###....
 Ensorcelled Hibernation  Hex/Ice        #.....       52%         2    ###....
 Passwall                 Tmut/Erth      #.......     52%         2    ###....
 Poisonous Vapours        Pois/Air       #.....       52%         2    ###....
 Searing Ray              Conj           #.....       52%         2    ###....
 Shroud of Golubria       Chrm/Tloc      #.....       52%         2    ###....
 Slow                     Hex            #.......     52%         2    ###....
 Sticks to Snakes         Tmut           #.......     52%         2    ###....
 Sublimation of Blood     Necr           #.........   52%         2    ###....
 Swiftness                Chrm/Air       #.......     52%         2    ###....
 Call Canine Familiar     Summ           #.......     73%         3    ####...
 Confuse                  Hex            #.......     73%         3    ####...
 Conjure Flame            Conj/Fire      #.......     73%         3    ####...
 Dazzling Flash           Conj/Hex       #.....       73%         3    ####...
 Gell's Gravitas          Tloc           #.........   73%         3    ####...
 Ignite Poison            Fire/Tmut/Pois #.......     73%         3    ####...
 Inner Flame              Hex/Fire       #.......     73%         3    ####...
 Lesser Beckoning         Tloc           #.........   73%         3    ####...
 Mephitic Cloud           Conj/Pois/Air  #.......     73%         3    ####...
 Ozocubu's Armour         Chrm/Ice       #.......     73%         3    ####...
 Portal Projectile        Hex/Tloc       #.....       73%         3    ####...
 Recall                   Summ/Tloc      N/A          73%         3    ####...
 Regeneration             Chrm/Necr      #.........   73%         3    ####...
 Spider Form              Tmut/Pois      #.........   73%         3    ####...
 Static Discharge         Conj/Air       #.......     73%         3    ####...
 Summon Guardian Golem    Hex/Summ       #.......     73%         3    ####...
 Tukima's Dance           Hex            #.......     73%         3    ####...
 Vampiric Draining        Necr           #.........   73%         3    ####...
 Animate Dead             Necr           N/A          97%         4    #####..
 Cause Fear               Hex            #.........   97%         4    #####..
 Fulminant Prism          Conj/Hex       #.........   97%         4    #####..
 Hailstorm                Conj/Ice       #.......     97%         4    #####..
 Ice Form                 Ice/Tmut       #.......     97%         4    #####..
 Iskenderun's Mystic Bla  Conj/Tloc      #.......     97%         4    #####..
 Leda's Liquefaction      Hex/Erth       #.........   97%         4    #####..
 Olgreb's Toxic Radiance  Pois           #.......     97%         4    #####..
 Passage of Golubria      Tloc           N/A          97%         4    #####..
 Petrify                  Tmut/Erth      #.......     97%         4    #####..
 Sticky Flame             Conj/Fire      #.......     97%         4    #####..
 Summon Ice Beast         Ice/Summ       #.......     97%         4    #####..
 Summon Lightning Spire   Summ/Air       #.......     97%         4    #####..
 Agony                    Necr           #.......     100%        5    ######.
 Alistair's Intoxication  Tmut/Pois      #.......     100%        5    ######.
 Blade Hands              Tmut           #.........   100%        5    ######.
 Bolt of Magma            Conj/Fire/Erth #.........   100%        5    ######.
 Borgnjor's Vile Clutch   Necr/Erth      #.........   100%        5    ######.
 Dispel Undead            Necr           #.......     100%        5    ######.
 Excruciating Wounds      Chrm/Necr      #.........   100%        5    ######.
 Fireball                 Conj/Fire      #.........   100%        5    ######.
 Irradiate                Conj/Tmut      #.........   100%        5    ######.
 Iskenderun's Battlesphe  Conj/Chrm      #.......     100%        5    ######.
 Lee's Rapid Deconstruct  Erth           #.........   100%        5    ######.
 Lightning Bolt           Conj/Air       #.........   100%        5    ######.
 Metabolic Englaciation   Hex/Ice        #.........   100%        5    ######.
 Silence                  Hex/Air        #.........   100%        5    ######.
 Summon Forest            Summ/Tloc      #.........   100%        5    ######.
 Summon Mana Viper        Hex/Summ       #.......     100%        5    ######.
 Yara's Violent Unravell  Hex/Tmut       #.........   100%        5    ######.
 Conjure Ball Lightning   Conj/Air       #.........   100%        6    #######
 Darkness                 Hex            #.........   100%        6    #######
 Death Channel            Necr           #.........   100%        6    #######
 Deflect Missiles         Chrm/Air       #.........   100%        6    #######
 Dispersal                Tloc           #.........   100%        6    #######
 Eringya's Noxious Bog    Tmut/Pois      #.........   100%        6    #######
 Freezing Cloud           Conj/Ice/Air   #.........   100%        6    #######
 Hydra Form               Tmut           #.........   100%        6    #######
 Invisibility             Hex            #.......     100%        6    #######
 Iron Shot                Conj/Erth      #.........   100%        6    #######
 Ozocubu's Refrigeration  Ice            #.........   100%        6    #######
 Shadow Creatures         Summ           N/A          100%        6    #######
 Simulacrum               Ice/Necr       #.........   100%        6    #######
 Starburst                Conj/Fire      #.........   100%        6    #######
 Statue Form              Tmut/Erth      #........    100%        6    #######
 Dragon Form              Tmut           #.........   100%        7    #######
 Malign Gateway           Summ/Tloc      #.........   100%        7    #######
 Monstrous Menagerie      Summ           #.........   100%        7    #######
 Orb of Destruction       Conj           #.........   100%        7    #######
 Ring of Flames           Chrm/Fire      #.........   100%        7    #######
 Spellforged Servitor     Conj/Summ      #.........   100%        7    #######
 Summon Greater Demon     Summ           #.........   100%        7    #######
 Summon Hydra             Summ           #.........   100%        7    #######
 Controlled Blink         Tloc           N/A          100%        8    #######
 Death's Door             Chrm/Necr      #.........   100%        8    #######
 Discord                  Hex            #.........   100%        8    #######
 Disjunction              Tloc           #.........   100%        8    #######
 Ignition                 Fire           #.........   100%        8    #######
 Necromutation            Tmut/Necr      #.........   100%        8    #######
 Summon Horrible Things   Summ           #.........   100%        8    #######
 Dragon's Call            Summ           #.........   100%        9    #######
 Shatter                  Erth           #.........   100%        9    #######
 Tornado                  Air            #.........   100%        9    #######


Dungeon Overview and Level Annotations

Branches:
Dungeon (15/15)            Temple (1/1) D:7            Lair (6/6) D:11
 Shoals (4/4) Lair:3       Spider (4/4) Lair:4        Slime (5/5) Lair:5
    Orc (2/2) D:11            Elf (0/3) Orc:2        Vaults (5/5) D:13
  Crypt (3/3) Vaults:2       Tomb (0/3) Crypt:3      Depths (5/5) D:15
   Hell (visited)             Dis (0/7) Hell            Geh (0/7) Hell
    Coc (0/7) Hell            Tar (0/7) Hell            Zot (5/5) Depths:5
  IceCv (visited)         Desolation (visited)

Altars:
Ashenzari
Cheibriados
Dithmenos
Elyvilon
Fedhas
Gozag
Hepliaklqana
Kikubaaqudgha
Makhleb
Nemelex Xobeh
Okawaru
Qazlal
Ru
Sif Muna
Trog
Uskayaw
Vehumet
Wu Jian
Xom
Yredelemnul
Zin
The Shining One
Beogh
Jiyva

Shops:
D:5 !!=   D:11 [   D:12 =   D:13 *(   Orc:1 :   Orc:2 ?[!   Shoals:1 [
Vaults:1 *(*   Vaults:2 (   Depths:1 %:   Depths:2 }   Depths:5 =}=

Portals:
Hell: Depths:1 Depths:2 Depths:3 Depths:4 Depths:5
Abyss: Depths:4
Pandemonium: Orc:2 Depths:3

Annotations:
D:5 2 transporters
Vaults:1 6 runed translucent doors
Vaults:3 2 runed translucent doors, Waros's ghost, veteran GrEE


Innate Abilities, Weirdness & Mutations

You are too large for most types of armour.
You have claws for hands.
Your metabolism is lightning-fast.
You like to eat raw meat.
Your natural rate of healing is unusually fast.
You are covered in fur. (AC +1)
You have extremely tough skin. (AC +3)
Scrolls take you longer to read.
You are clumsy. (Dex -2)
Your system is resistant to poisons. (rPois)
You are weak. (Str -2)
Your movements are slightly less encumbered by armour. (ER -2)


Message History

The eldritch tentacle completely resists.
The fireball engulfs your daeva!!!!
The fireball engulfs the orb of fire.
The orb of fire completely resists.
You block the eldritch tentacle's attack. x2
The Killer Klown throws klown pie at you.
Your daeva blocks the klown pie.
The orb of fire glows yellow.
The bolt of fire misses you.
You block the eldritch tentacle's attack. x2
You hear a shout!
Unknown command.
You feel yourself speed up.
You block the eldritch tentacle's attack. x2
The Killer Klown blinks!
Your daeva barely misses the orb of fire.
Your daeva hits the orb of fire with a +2 scimitar of holy wrath.
The eldritch tentacle slaps you.
* * * LOW HITPOINT WARNING * * *
The eldritch tentacle shocks you!!
You die...

#.......###.#.#####
#######.###.### ###.....#
## ################ .#
##..............## #
##.............^.}## #
##.....^...*§.....^.## #
#.(..^...=..w........#
#...^..^....A@.......# #
#.......§.(..*.......# #
#................^...# ##
#......)......)......#
.###...........^........#
..###......p...........##
....##................##
##......^...........$##
#▓▓▓▓▓▓▓▓▓▓▓##.....▓▓


You could see an orb of fire, a Killer Klown, an eldritch tentacle and a
friendly daeva.

Vanquished Creatures
  the Royal Jelly (Slime:5)
  2 ancient liches (Vaults:5)
  An orb of fire (Zot:1)
  A juggernaut (Depths:5)
  Boris (twice) (Crypt:1 Depths:4)
  Sojobo (Depths:1)
  4 Killer Klowns
  Margery (Depths:5)
  Bai Suzhen (Crypt:2)
  4 caustic shrikes (Depths:5)
  A curse toe (Zot:3)
  Xtahua (Vaults:4)
  11 golden dragons
  4 bone dragons
  Arachne (Spider:1)
  4 electric golems
  An iron giant (Zig:6)
  2 Ice Fiends
  7 liches
  22 tentacled monstrosities
  10 Orb Guardians (Zot:5)
  17 acid blobs
  6 titans
  17 quicksilver dragons
  2 sphinxes (Vaults:4)
  6 death cobs
  13 shadow dragons
  Kirke (Spider:1)
  Polyphemus (Shoals:2)
  3 krakens
  13 ancient champions
  5 storm dragons
  11 tengu reavers
  Donald (Vaults:2)
  8 draconian monks
  4 revenants
  15 nagarajas
  The ghost of twoshot the Thaumaturge, an adept GnWz of Cheibriados (Vaults:1)
  A storm dragon (shapeshifter) (Vaults:5)
  Roxanne (Shoals:2)
  19 azure jellies
  5 iron dragons
  9 draconian scorchers
  Ilsuiw (Shoals:2)
  12 fire giants
  6 ghost moths
  2 caustic shrike zombies (Zig:16)
  3 imperial myrmidons (Desolation)
  18 vault wardens
  10 draconian knights
  4 draconian stormcallers
  3 deep elf sorcerers
  11 frost giants
  A juggernaut zombie (Zig:16)
  9 emperor scorpions
  A warmonger (Zig:10)
  3 curse skulls
  A balrug (Zig:8)
  Louise (Depths:4)
  A deep elf elementalist (Vaults:5)
  10 draconian shifters
  5 war gargoyles
  3 ghouls
  14 ironheart preservers
  A blood saint (Zig:10)
  10 reapers
  5 entropy weavers
  5 draconian annihilators
  A spriggan defender (Depths:3)
  18 stone giants
  19 very ugly things
  11 green draconians
  15 black draconians
  13 white draconians
  13 vampire knights
  A deep elf demonologist (Vaults:5)
  16 red draconians
  A black sun (Zig:10)
  4 halazid warlocks (Desolation)
  26 purple draconians
  10 yellow draconians
  2 lorocyprocas
  3 deep elf annihilators
  8 spark wasps
  5 eidola
  An ettin (shapeshifter) (Vaults:5)
  3 green deaths
  11 death oozes
  A deep elf death mage (Vaults:5)
  8 blizzard demons
  10 merfolk impalers
  2 small abominations (Vaults:5)
  13 ettins
  15 fire dragons
  13 great orbs of eyes
  13 ogre magi
  11 jiangshi
  12 merfolk javelineers
  7 naga warriors
  6 ragged hierophants (Desolation)
  16 yaktaur captains
  6 hydras
  26 vault guards (Vaults:5)
  2 deep elf high priests (Vaults:5)
  Harold (D:7)
  6 rakshasas
  7 servants of whispers (Desolation)
  12 ice dragons
  4 shambling mangroves (Zig:14)
  3 anacondas
  2 hell beasts (Hell)
  8 peacekeepers (Desolation)
  Erica (D:8)
  5 spriggan air magi
  A satyr (Shoals:3)
  A catoblepas (Shoals:1)
  5 death knights
  10 merfolk aquamancers
  An alligator (shapeshifter) (Vaults:5)
  4 alligator snapping turtles
  39 two-headed ogres
  8 centaur warriors
  4 merfolk avatars
  A queen ant (shapeshifter) (Depths:4)
  5 deep troll earth magi
  3 alligators (Zig:14)
  8 orc high priests
  2 tengu warriors
  7 deep troll shamans
  3 titan zombies
  5 death yaks
  5 spriggan berserkers
  13 vampire magi
  6 hell hogs
  11 shock serpents
  A storm dragon zombie (Vaults:2)
  6 naga sharpshooters
  Nergalle (D:11)
  15 hell knights
  4 soul eaters
  6 deep elf knights
  3 salamander mystics
  3 sun demons
  3 titan skeletons
  A fire crab (shapeshifter) (Depths:2)
  3 shadow wraiths
  An iron troll (shapeshifter) (Vaults:5)
  2 iron trolls (Depths:3)
  23 deep trolls
  A torturous demonspawn (Orc:2)
  A death drake (Zig:14)
  44 skeletal warriors
  A spatial maelstrom (Zig:4)
  7 glowing orange brains
  8 wizards
  2 unseen horrors (Vaults:1)
  11 flayed ghosts
  15 sea snakes
  5 deep elf archers
  A shadow dragon zombie (Zig:16)
  3 tengu zombies
  2 infernal demonspawn
  3 swamp dragons
  An iron giant skeleton (Crypt:2)
  3 naga ritualists (Zig:15)
  A gelid demonspawn (Orc:2)
  A shadow demon (Zig:10)
  An anaconda zombie (Hell)
  An obsidian statue (Zot:5)
  2 golden dragon skeletons
  18 ironbrand convokers
  16 phantasmal warriors
  13 orc knights
  Pikel (D:5)
  38 harpies
  2 mana vipers (Zig:15)
  13 necromancers
  19 orb spiders
  9 cyclopes
  A wolf spider zombie (Crypt:3)
  A harpy (shapeshifter) (Depths:4)
  A sphinx zombie (Vaults:2)
  15 manticores
  2 anaconda skeletons (Hell)
  A shining eye (Slime:5)
  21 deep elf magi
  6 orc sorcerers
  34 wolf spiders
  A cyclops (shapeshifter) (Vaults:1)
  8 stone giant zombies
  30 ugly things
  A moth of wrath (shapeshifter) (Vaults:4)
  5 salamanders
  4 fauns (Shoals:1)
  2 frost giant zombies
  17 moths of wrath
  A sphinx skeleton (Zig:16)
  8 water nymphs
  2 fire giant skeletons
  3 centaur zombies
  14 merfolk sirens
  11 guardian serpents
  13 naga magi
  2 frost giant skeletons
  7 rust devils
  9 vault sentinels
  4 ice statues
  A spriggan zombie (Zig:16)
  20 black mambas
  4 smoke demons
  An orange demon (Zig:10)
  Psyche (D:8)
  A molten gargoyle (Desolation)
  A spiny frog (shapeshifter) (Vaults:2)
  7 spiny frogs
  A torpor snail (Spider:1)
  A storm dragon simulacrum (D:15)
  A yaktaur zombie (Vaults:4)
  A shock serpent skeleton (Crypt:3)
  A sea snake zombie (Crypt:1)
  2 gargoyles
  7 elf zombies
  59 yaktaurs
  6 tormentors
  2 komodo dragons (shapeshifter)
  3 hellions
  6 rime drakes
  4 komodo dragons
  5 guardian mummies (Crypt:3)
  An efreet (Zig:4)
  2 elf skeletons
  A human skeleton (Vaults:4)
  19 demonic crawlers
  4 ice devils
  A yellow draconian skeleton (Crypt:1)
  An anaconda simulacrum (Hell)
  A tengu conjurer (D:15)
  17 freezing wraiths
  45 merfolk
  A polar bear (Lair:4)
  5 red devils
  A polar bear (shapeshifter) (D:13)
  A hornet (shapeshifter) (Depths:3)
  4 wind drakes
  49 jumping spiders
  3 hydra zombies (Hell)
  A blink frog (shapeshifter) (Vaults:5)
  6 trolls
  A raiju (Zig:4)
  51 saltlings (Desolation)
  A tyrant leech (Zig:14)
  3 wind drakes (shapeshifter)
  14 hornets
  53 slime creatures
  2 harpy skeletons
  2 hydra skeletons
  8 blink frogs
  A deep troll zombie (Hell)
  An ice dragon zombie (Hell)
  13 dream sheep
  13 snapping turtles
  2 stone giant simulacra
  A fire giant simulacrum (Vaults:4)
  9 hippogriffs
  2 ettin skeletons (Depths:1)
  A satyr skeleton (Crypt:2)
  2 ice dragon skeletons (Crypt:1)
  6 flying skulls
  126 redbacks
  A redback (shapeshifter) (Depths:4)
  3 vampires (Crypt:3)
  A yak (shapeshifter) (Vaults:5)
  A spriggan (shapeshifter) (Depths:3)
  2 spriggans
  2 shadows
  3 spriggan skeletons
  32 tarantellas
  13 wyverns (Lair:6)
  31 water elementals
  A fire bat (shapeshifter) (Vaults:3)
  28 yaks
  A tarantella (shapeshifter) (Vaults:4)
  4 ynoxinuls
  17 wraiths
  6 hogs (Spider:1)
  A golden eye (shapeshifter) (Depths:5)
  7 basilisks
  9 fire elementals
  A hog (shapeshifter) (Vaults:2)
  4 wargs
  2 steam dragons (Lair:6)
  6 vampire mosquitoes
  A water nymph zombie (Crypt:3)
  4 chaos spawn
  2 hungry ghosts
  6 acid dragons
  17 water moccasins
  A soldier ant (D:14)
  A swamp worm (shapeshifter) (Depths:4)
  4 large abominations
  4 nagas
  9 porcupines
  10 hell hounds
  5 floating eyes
  A floating eye (shapeshifter) (Zig:1)
  A hydra simulacrum (Crypt:3)
  5 swamp drakes
  37 orc warriors
  A spiny frog skeleton (Hell)
  A torturous demonspawn skeleton (Crypt:1)
  3 sky beasts
  3 black bears
  An alligator simulacrum (Hell)
  A hornet zombie (D:15)
  26 ogres
  An ice dragon simulacrum (Crypt:1)
  22 ice beasts
  A slave (D:5)
  A snapping turtle zombie (Crypt:3)
  3 eyes of draining
  A phantom (D:14)
  14 centaurs
  11 wolves
  7 boggarts
  16 crocodiles
  2 snapping turtle skeletons
  An elf simulacrum (Vaults:4)
  A big kobold (shapeshifter) (Vaults:3)
  5 big kobolds
  19 bullfrogs
  A spiny frog simulacrum (Hell)
  9 scorpions
  32 killer bees
  A wight (Zig:16)
  3 electric eels
  A wolf zombie (Crypt:1)
  3 howler monkeys (D:7)
  A troll skeleton (Crypt:2)
  9 crimson imps
  3 human simulacra
  7 starcursed masses (Zig:4)
  5 bullfrog zombies
  A quasit (D:9)
  3 iron imps
  2 jellies
  24 orc priests
  A black bear zombie (Crypt:1)
  6 hounds
  A gnoll shaman (D:7)
  2 soldier ant zombies (Crypt:3)
  6 centaur skeletons
  A basilisk skeleton (Crypt:3)
  8 iguanas
  14 orc wizards
  14 worker ants
  A statue (D:8)
  An acid dragon skeleton (Crypt:1)
  A hound zombie (Crypt:3)
  2 hound skeletons
  7 mummies (Crypt:3)
  A worker ant zombie (D:11)
  8 gnolls
  13 adders
  4 shadow imps
  3 white imps
  An ooze (D:6)
  An iguana zombie (Crypt:2)
  2 adder skeletons
  An adder zombie (D:6)
  4 worms
  4 leopard geckos
  72 orcs
  7 giant cockroaches
  7 goblins
  7 hobgoblins
  8 jackals
  30 kobolds
  4 quokkas
  3 ball pythons (D:1)
  8 bats
  7 frilled lizards
  A leopard gecko skeleton (D:4)
  4 rats
  A crawling corpse (Vaults:5)
  2 plants (Shoals:4)
  11 tentacles
2872 creatures vanquished.

Vanquished Creatures (collateral kills)
  A pandemonium lord (Zig:10)
  Saint Roka (Crypt:3)
  Geryon (Hell)
  A golden dragon (Vaults:5)
  A quicksilver dragon (Vaults:5)
  A death cob (Zot:2)
  An ancient champion (Crypt:3)
  2 shadow dragons
  2 tengu reavers
  A draconian scorcher (Zot:2)
  A vault warden (Vaults:1)
  A ghost moth (Spider:4)
  2 emperor scorpions (Spider:4)
  An ironheart preserver (Vaults:5)
  A blood saint (Zig:10)
  A merfolk javelineer (Zig:13)
  A blizzard demon (Zig:10)
  A merfolk impaler (Zig:9)
  A yaktaur captain (Vaults:5)
  A ragged hierophant (Desolation)
  A peacekeeper (Desolation)
  A hydra (shapeshifter) (Vaults:5)
  An alligator snapping turtle (Zig:13)
  A naga sharpshooter (Zig:15)
  A hell knight (Hell)
  A shadow wraith (Vaults:5)
  A naga ritualist (Zig:15)
  A deep troll (Vaults:5)
  An iron giant zombie (Crypt:3)
  A phantasmal warrior (Crypt:3)
  An ironbrand convoker (Vaults:5)
  5 fauns (Shoals:1)
  2 orb spiders (Spider:4)
  2 merfolk sirens
  A moth of wrath (Zot:2)
  A molten gargoyle (Desolation)
  A black mamba (Zig:15)
  A guardian serpent (Desolation)
  A water nymph (Shoals:1)
  A freezing wraith (Hell)
  A jumping spider (Spider:4)
  11 merfolk
  5 saltlings (Desolation)
  A snapping turtle (Shoals:1)
  A satyr skeleton (Crypt:3)
  5 redbacks (Spider:4)
  A water elemental (Shoals:1)
  2 tarantellas (Spider:4)
  A naga (Zig:15)
  A hell hound (Hell)
  A yak zombie (Crypt:3)
79 creatures vanquished.

Vanquished Creatures (others)
  A draconian shifter (Zot:5)
  A vault warden (Vaults:5)
  A draconian stormcaller (Zig:7)
  A draconian annihilator (Zot:3)
  2 stone giants
  7 yaktaur captains
  An ice dragon (Depths:1)
  2 centaur warriors
  An alligator (Zig:14)
  A merfolk aquamancer (Shoals:1)
  3 spriggan berserkers (Depths:5)
  A naga sharpshooter (Zig:15)
  A swamp dragon (Zig:14)
  A wizard (D:12)
  2 black mambas
  13 yaktaurs
  A demonic crawler (Spider:3)
  A merfolk (Zig:13)
  3 hornets (Zig:14)
  A tyrant leech (Zig:14)
  A spriggan (Zig:14)
  A human (Spider:1)
  An ogre (Vaults:5)
  2 centaurs (Depths:1)
  A starcursed mass (Zig:4)
  A white imp (Zig:16)
  5 fungi
  10 plants
  19 tentacles
  A withered plant (Crypt:2)
87 creatures vanquished.

Grand Total: 3038 creatures vanquished

Notes
Turn   | Place    | Note
-------+----------+-------------------------------------------
     0 | D:1      | Lanoc the Troll Gladiator began the quest for the Orb.
     0 | D:1      | Reached XP level 1. HP: 19/19 MP: 0/0
   154 | D:1      | Reached XP level 2. HP: 22/28 MP: 1/1
   851 | D:2      | Reached XP level 3. HP: 30/35 MP: 2/2
  1203 | D:2      | Reached XP level 4. HP: 37/42 MP: 3/3
  2262 | D:4      | Reached XP level 5. HP: 50/50 MP: 4/4
  2419 | D:4      | Found a basalt altar of Yredelemnul.
  2470 | D:4      | Reached XP level 6. HP: 44/59 MP: 5/5
  2476 | D:4      | Got a bloodstained spear
  2477 | D:4      | Identified the +11 spear of the Spectre {pierce, rF+ rC++
                  | MR+} (You found it on level 4 of the Dungeon)
  2664 | D:4      | Reached skill level 1 in Polearms
  2940 | D:5      | Entered Level 5 of the Dungeon
  2965 | D:5      | Found Kuyfuw's Distillery.
  2970 | D:5      | Bought a potion of heal wounds for 50 gold pieces
  2970 | D:5      | Bought a potion of curing for 30 gold pieces
  3066 | D:5      | Found Wygufaeq's Jewellery Boutique.
  3076 | D:5      | Found Hemyh's Distillery.
  3079 | D:5      | Bought a potion of might for 40 gold pieces
  3079 | D:5      | Bought a potion of haste for 100 gold pieces
  3091 | D:5      | Found a bloodstained altar of Trog.
  3143 | D:5      | Found a transporter.
  3157 | D:5      | Found a transporter.
  3219 | D:5      | Reached XP level 7. HP: 57/67 MP: 6/6
  3236 | D:5      | Noticed Pikel
  3249 | D:5      | Killed Pikel
  3496 | D:5      | Found a glowing golden altar of the Shining One.
  3499 | D:5      | Found a sacrificial altar of Ru.
  3502 | D:5      | Found a shimmering blue altar of Sif Muna.
  3505 | D:5      | Found a white marble altar of Elyvilon.
  3511 | D:5      | Became a worshipper of the Shining One
  3590 | D:5      | Reached XP level 8. HP: 78/78 MP: 7/7
  3779 | D:6      | Reached skill level 1 in Invocations
  3901 | D:6      | Reached skill level 2 in Invocations
  3974 | D:6      | Reached skill level 3 in Invocations
  4022 | D:6      | Reached skill level 5 in Polearms
  4022 | D:6      | Reached skill level 5 in Dodging
  4382 | D:7      | Got a smoking steel amulet
  4384 | D:7      | Identified the amulet "Pial" {Faith rN+ MR- Str+2 Int+3}
                  | (You found it on level 7 of the Dungeon)
  4403 | D:7      | Noticed a hippogriff
  4407 | D:7      | Reached XP level 9. HP: 53/87 MP: 10/10
  4447 | D:7      | Reached skill level 4 in Invocations
  4573 | D:7      | Reached skill level 5 in Fighting
  4682 | D:7      | Found a staircase to the Ecumenical Temple.
  4688 | D:7      | Noticed Harold
  4710 | D:7      | Killed Harold
  4710 | D:7      | Reached skill level 5 in Invocations
  4719 | Temple   | Entered the Ecumenical Temple
  5119 | D:7      | Reached XP level 10. HP: 69/97 MP: 13/13
  5257 | D:8      | Noticed a two-headed ogre
  5271 | D:8      | Killed a two-headed ogre
  5271 | D:8      | Reached skill level 6 in Invocations
  5338 | D:8      | Found an iron altar of Okawaru.
  5541 | D:8      | Found a radiant altar of Vehumet.
  5541 | D:8      | Noticed Erica
  5560 | D:8      | Killed Erica
  5899 | D:8      | Noticed Psyche
  5903 | D:8      | Killed Psyche
  6121 | D:9      | Reached skill level 7 in Invocations
  6139 | D:9      | Reached * piety under the Shining One
  6176 | D:9      | Noticed a two-headed ogre
  6182 | D:9      | Killed a two-headed ogre
  6582 | D:10     | Entered Level 10 of the Dungeon
  6611 | D:10     | Reached XP level 11. HP: 107/107 MP: 15/15
  7217 | D:10     | Found a stormy altar of Qazlal.
  7543 | D:11     | Found a staircase to the Orcish Mines.
  7597 | D:11     | Noticed Nergalle
  7599 | D:11     | Reached skill level 8 in Invocations
  7617 | D:11     | Noticed a spectral orc warlord
  7631 | D:11     | Noticed a spectral orc warlord
  7650 | D:11     | Killed Nergalle
  7761 | D:11     | Noticed a two-headed ogre
  7775 | D:11     | Killed a two-headed ogre
  7827 | D:11     | Reached ** piety under the Shining One
  7891 | D:11     | Found a staircase to the Lair.
  7943 | D:11     | Noticed a two-headed ogre
  7949 | D:11     | Killed a two-headed ogre
  7960 | D:11     | Noticed a two-headed ogre
  7968 | D:11     | Killed a two-headed ogre
  7968 | D:11     | Reached skill level 9 in Invocations
  8175 | D:11     | Noticed a two-headed ogre
  8192 | D:11     | Killed a two-headed ogre
  8192 | D:11     | Reached XP level 12. HP: 92/118 MP: 16/18
  8398 | D:11     | Found Hopohaf's Armour Shoppe.
  8672 | D:12     | Noticed a two-headed ogre
  8678 | D:12     | Killed a two-headed ogre
  8689 | D:12     | Found Uziuq's Jewellery Boutique.
  8938 | D:12     | Noticed a two-headed ogre
  8949 | D:12     | Killed a two-headed ogre
  8951 | D:12     | Got a slimy trident
  8952 | D:12     | Identified the +4 trident of Execution {speed, MR- Int+7}
                  | (You found it on level 12 of the Dungeon)
  9009 | D:12     | Found a bloodstained altar of Trog.
  9418 | D:13     | Identified a scroll of acquirement
  9454 | D:13     | Reached *** piety under the Shining One
  9455 | D:13     | Reached skill level 10 in Polearms
  9464 | D:13     | Noticed a death knight
  9480 | D:13     | Killed a death knight
  9480 | D:13     | Reached skill level 10 in Invocations
  9827 | D:13     | Noticed a fire dragon
  9849 | D:13     | Killed a fire dragon
  9961 | D:13     | Found a gate to the Vaults.
 10035 | D:13     | Noticed a six-headed hydra
 10041 | D:13     | Killed a six-headed hydra
 10153 | D:13     | Found Taut's General Store.
 10156 | D:13     | Bought a scroll of teleportation for 30 gold pieces
 10364 | D:13     | Found Oduunudu's Antique Weapon Boutique.
 10454 | D:14     | Noticed a centaur warrior
 10464 | D:14     | Killed a centaur warrior
 10634 | D:14     | Reached XP level 13. HP: 39/127 MP: 20/20
 11029 | D:14     | Found a basalt altar of Yredelemnul.
 11133 | D:15     | Entered Level 15 of the Dungeon
 11249 | D:15     | Reached **** piety under the Shining One
 11343 | D:14     | Reached skill level 11 in Invocations
 11474 | D:15     | Found a snail-covered altar of Cheibriados.
 11687 | D:15     | Found a staircase to the Depths.
 11995 | Orc:1    | Entered Level 1 of the Orcish Mines
 12029 | Orc:1    | Reached ***** piety under the Shining One
 12029 | Orc:1    | Noticed an ettin
 12040 | Orc:1    | Killed an ettin
 12068 | Orc:1    | Found Qupobuo's Book Boutique.
 12142 | Orc:1    | Found a roughly hewn altar of Beogh.
 12358 | Orc:2    | Entered Level 2 of the Orcish Mines
 12413 | Orc:2    | Found a staircase to the Elven Halls.
 12753 | Orc:2    | Noticed a stone giant
 12774 | Orc:2    | Killed a stone giant
 13051 | Orc:2    | Found Immeust's Distillery.
 13054 | Orc:2    | Found Nounk's Magic Scroll Emporium.
 13198 | Orc:2    | Bought a scroll of acquirement for 832 gold pieces
 13587 | Orc:2    | Reached skill level 12 in Invocations
 13653 | Orc:2    | Reached XP level 14. HP: 121/140 MP: 22/22
 13725 | Orc:2    | Found Ichir's Book Boutique.
 13725 | Orc:2    | Found Lutsuen's Antique Armour Shop.
 13737 | Orc:2    | Found a one-way gate leading to the halls of Pandemonium.
 13987 | Lair:1   | Entered Level 1 of the Lair of Beasts
 14183 | Lair:1   | Reached ****** piety under the Shining One
 14920 | Lair:2   | Found a frozen archway.
 14931 | IceCv    | Entered an ice cave
 16227 | Lair:3   | Reached skill level 13 in Invocations
 16554 | Lair:3   | Reached skill level 10 in Dodging
 16932 | Lair:3   | Found a staircase to the Shoals.
 17366 | Lair:4   | Found a hole to the Spider Nest.
 18242 | Lair:5   | Reached skill level 10 in Fighting
 18690 | Lair:5   | Found a viscous altar of Jiyva.
 18690 | Lair:5   | Found a staircase to the Slime Pits.
 18899 | Lair:6   | Entered Level 6 of the Lair of Beasts
 19315 | Lair:6   | Reached XP level 15. HP: 149/149 MP: 24/24
 19681 | Lair:6   | Reached skill level 14 in Invocations
 19729 | Lair:6   | Got an ichor-stained battleaxe
 19730 | Lair:6   | Identified the +7 battleaxe of Paper {drain, +Rage rC- MR++
                  | Dex+3} (You found it on level 6 of the Lair of Beasts)
 20308 | Spider:1 | Entered Level 1 of the Spider Nest
 20544 | D:12     | Bought the ring of Robustness {AC+8} for 1792 gold pieces
 20544 | D:12     | Found the ring of Robustness {AC+8}
 21965 | Spider:1 | Noticed Kirke
 21977 | Spider:1 | Killed Kirke
 22311 | Spider:2 | Noticed Arachne
 22422 | Spider:1 | Killed Arachne
 22422 | Spider:1 | Reached skill level 15 in Invocations
 22747 | Spider:2 | Noticed a ghost moth
 23312 | Spider:1 | Reached XP level 16. HP: 88/162 MP: 15/26
 24719 | Spider:3 | Reached skill level 16 in Invocations
 25803 | Spider:4 | Entered Level 4 of the Spider Nest
 27086 | Spider:4 | Reached XP level 17. HP: 41/172 MP: 8/28
 27371 | Spider:4 | Reached skill level 17 in Invocations
 28172 | Spider:4 | Got a gossamer rune of Zot
 28562 | Vaults:1 | Entered Level 1 of the Vaults
 29389 | Vaults:1 | Found Gozag's Assorted Antiques.
 29391 | Vaults:1 | Found a large runed translucent door.
 29391 | Vaults:1 | Found a large runed translucent door.
 30383 | Vaults:1 | Identified the +6 flail "Doarchul" {elec, rPois Str+4}
 30426 | Vaults:1 | Found an opulent altar of Gozag.
 30426 | Vaults:1 | Found Gozag's Assorted Antiques.
 30426 | Vaults:1 | Found Gozag's Antique Weapon Boutique.
 30578 | Vaults:1 | Found a large runed translucent door.
 30579 | Vaults:1 | Found a large runed translucent door.
 30579 | Vaults:1 | Noticed twoshot's ghost (adept GnWz)
 30616 | Vaults:1 | Found a large runed translucent door.
 30621 | Vaults:1 | Found a large runed translucent door.
 30621 | Vaults:1 | Found a large runed translucent door.
 30621 | Vaults:1 | Found a large runed translucent door.
 30650 | Vaults:1 | Reached skill level 18 in Invocations
 30657 | Vaults:1 | Reached skill level 1 in Shields
 31392 | Vaults:1 | Killed twoshot's ghost
 31630 | D:13     | Reached XP level 18. HP: 156/185 MP: 24/30
 32094 | Vaults:2 | Found Aprav's Antique Weapon Shop.
 32128 | Vaults:2 | Found a ruined gateway.
 32140 | Desolati | Entered the Desolation of Salt
 32922 | Desolati | Identified the Papyrus of Entrancing Flames
 32952 | Desolati | Got a flickering lapis lazuli ring
 32955 | Desolati | Identified the ring "Pyora" {rF+ rN+ Str+5} (You found it
                  | in the Desolation of Salt)
 33257 | Desolati | Identified the cursed +1 scale mail of the Greedy {rF+ SInv
                  | Stlth-}
 33257 | Desolati | Identified the ring of Lufeppem {*Corrode rF+ MR+ Int+3
                  | Dex+3}
 33344 | Desolati | Got a bound copper ring
 33346 | Desolati | Identified the ring "Komugowa" {rPois rF+ Int+2} (You found
                  | it in the Desolation of Salt)
 34004 | Desolati | Reached skill level 5 in Shields
 34105 | Desolati | Got a polished hunting sling
 34112 | Desolati | Got a translucent cloak
 34213 | Desolati | Identified the +0 cloak of Kaxtinn {rElec Stlth+} (You
                  | found it in the Desolation of Salt)
 34229 | Vaults:2 | Identified the cursed +1 hunting sling "Akkesep" {flame,
                  | Int+4 Dex+3 Stlth+} (You found it in the Desolation of
                  | Salt)
 34722 | Vaults:2 | Noticed Donald
 34778 | Vaults:2 | Killed Donald
 34839 | Vaults:2 | Identified a +9 trishula of holy wrath (a +7 antimagic
                  | demon trident blessed by the Shining One)
 34839 | Vaults:2 | Received a gift from the Shining One
 35433 | Vaults:2 | Found a staircase to the Crypt.
 35540 | Vaults:2 | Reached XP level 19. HP: 183/195 MP: 29/31
 35634 | Vaults:2 | Reached skill level 19 in Invocations
 38178 | Vaults:3 | Found a large runed translucent door.
 38178 | Vaults:3 | Found a large runed translucent door.
 38178 | Vaults:3 | Noticed Waros's ghost (veteran GrEE)
 39135 | Vaults:4 | Noticed an ancient lich
 39175 | Vaults:4 | Reached XP level 20. HP: 191/206 MP: 30/32
 39896 | Vaults:4 | Noticed Xtahua
 40446 | Vaults:4 | Reached skill level 20 in Invocations
 40903 | Vaults:4 | Killed Xtahua
 41316 | Shoals:1 | Entered Level 1 of the Shoals
 41316 | Shoals:1 | Found Gyogoyc's Armour Boutique.
 42044 | Shoals:2 | Noticed Ilsuiw
 42127 | Shoals:2 | Found a transporter.
 42240 | Shoals:2 | Found a snail-covered altar of Cheibriados.
 42341 | Shoals:2 | Noticed Polyphemus
 42492 | Shoals:2 | Killed Polyphemus
 42544 | Shoals:2 | Found a transporter.
 42836 | Shoals:2 | Killed Ilsuiw
 42985 | Shoals:2 | Identified Roxanne's Handbook of Transmigration
 42985 | Shoals:2 | Noticed Roxanne
 43035 | Shoals:2 | Killed Roxanne
 44222 | Shoals:4 | Entered Level 4 of the Shoals
 44265 | Shoals:4 | Reached XP level 21. HP: 189/215 MP: 5/34
 45069 | Shoals:4 | Reached skill level 15 in Dodging
 45411 | Shoals:4 | Got a barnacled rune of Zot
 45775 | Crypt:1  | Entered Level 1 of the Crypt
 45854 | Crypt:1  | Noticed Boris
 45872 | Crypt:1  | Killed Boris
 45872 | Crypt:1  | Reached skill level 15 in Fighting
 45872 | Crypt:1  | Reached skill level 21 in Invocations
 46608 | Crypt:2  | Noticed Bai Suzhen
 46673 | Crypt:2  | Killed Bai Suzhen
 47234 | Crypt:3  | Entered Level 3 of the Crypt
 47234 | Crypt:3  | Noticed Saint Roka
 47245 | Crypt:3  | Reached XP level 22. HP: 227/227 MP: 35/35
 47321 | Crypt:3  | Killed Saint Roka
 48133 | Crypt:3  | Found a staircase to the Tomb.
 48364 | Crypt:3  | Identified the cursed +0 robe of Ykhleofod {rPois Regen+
                  | rCorr Dex-3}
 48364 | Crypt:3  | Identified the amulet "Joddytyx" {Faith rC+++ rN+}
 48379 | Crypt:3  | Found an ancient bone altar of Kikubaaqudgha.
 48382 | Crypt:3  | Found a basalt altar of Yredelemnul.
 48400 | Crypt:3  | Identified the Reference Book on Stolen Souls
 48436 | Crypt:3  | Learned a level 1 spell: Apportation
 48891 | Depths:1 | Entered Level 1 of the Depths
 48938 | D:15     | Reached skill level 22 in Invocations
 49020 | Depths:1 | Noticed Sojobo
 49241 | Depths:1 | Found a portal to a secret trove of treasure.
 49273 | Depths:1 | You paid a toll of 8 potions of haste to enter a treasure
                  | trove
 49274 | Trove    | Entered a treasure trove
 49298 | Trove    | Identified Plog's Tome of Boosts
 49331 | Trove    | Got a sparkling ivory amulet
 49369 | Depths:1 | Identified the amulet "Lubbuasu" {Reflect rC++ rN+ SH+2}
                  | (You found it in a treasure trove)
 49585 | Depths:1 | Found Hais's Book Shop.
 49622 | Depths:1 | Found Elahy's Food Shop.
 49789 | Depths:1 | Found a gateway to Hell.
 49818 | Depths:1 | HP: 7/230 [Sojobo/+2 great sword of electrocution (16)]
 49968 | Depths:1 | Reached skill level 1 in Armour
 50402 | Depths:1 | Killed Sojobo
 51039 | Depths:2 | Found Moqyobat's Gadget Shop.
 51431 | Depths:2 | Reached XP level 23. HP: 237/237 MP: 37/37
 52411 | Depths:2 | Identified the Guide on Ghastly Flames
 53028 | Depths:3 | Reached skill level 5 in Armour
 54985 | Depths:4 | Found a one-way gate to the infinite horrors of the Abyss.
 55325 | Depths:4 | Noticed Louise
 55516 | Depths:4 | Paralysed by a floating eye for 4 turns
 55526 | Depths:4 | Paralysed by a floating eye for 3 turns
 55691 | Depths:4 | Found a gateway to a ziggurat.
 55757 | Depths:4 | Killed Louise
 55844 | Depths:4 | You fall into a shaft and drop 1 floor!
 55844 | Depths:5 | Entered Level 5 of the Depths
 55890 | Depths:5 | Noticed a caustic shrike
 55890 | Depths:5 | Noticed a caustic shrike
 55890 | Depths:5 | Noticed a caustic shrike
 55891 | Depths:5 | Noticed a caustic shrike
 55912 | Depths:5 | Killed a caustic shrike
 55912 | Depths:5 | Reached skill level 23 in Invocations
 55937 | Depths:5 | Killed a caustic shrike
 56164 | Depths:5 | Noticed a juggernaut
 56204 | Depths:5 | Killed a juggernaut
 56243 | Depths:5 | Reached XP level 24. HP: 191/250 MP: 37/37
 56282 | Depths:5 | Found Kawulaeps's Gadget Shoppe.
 56283 | Depths:5 | Found Ijet's Jewellery Boutique.
 56283 | Depths:5 | Found Lummo's Jewellery Boutique.
 56566 | Depths:5 | Reached XP level 25. HP: 245/258 MP: 37/37
 57030 | Depths:5 | Noticed Margery
 57061 | Depths:5 | Killed Margery
 57061 | Depths:5 | Reached skill level 10 in Shields
 57161 | Depths:5 | Found a gate to the Realm of Zot.
 58190 | Depths:4 | Paralysed by a floating eye for 4 turns
 58440 | Depths:4 | Paralysed by a floating eye for 3 turns
 59122 | Depths:4 | Noticed Boris
 59133 | Depths:4 | Killed Boris
 59153 | Hell     | Entered the Vestibule of Hell
 59193 | Hell     | Noticed Geryon
 59292 | Hell     | Reached skill level 10 in Armour
 59923 | Hell     | Killed Geryon
 60029 | Hell     | Reached XP level 26. HP: 120/269 MP: 37/37
 60039 | Hell     | Found a gateway to the freezing wastes of Cocytus.
 60208 | Hell     | Found a gateway to the decaying netherworld of Tartarus.
 60324 | Hell     | Found a gateway to the ashen valley of Gehenna.
 60505 | Hell     | Found a gateway to the Iron City of Dis.
 60742 | Zig:1    | Entered Level 1 of a ziggurat
 60763 | Zig:2    | Entered Level 2 of a ziggurat
 60778 | Zig:2    | Identified the cursed +1 hunting sling of the Bouncing
                  | Moons {venom, rN+ Str-3 Int+3} (You found it on level 2 of
                  | a ziggurat)
 60782 | Zig:3    | Entered Level 3 of a ziggurat
 60876 | Zig:4    | Entered Level 4 of a ziggurat
 60970 | Zig:5    | Entered Level 5 of a ziggurat
 61055 | Zig:5    | Learned a level 1 spell: Summon Butterflies
 61177 | Zig:6    | Entered Level 6 of a ziggurat
 61239 | Zig:6    | Got a slimy golden amulet
 61240 | Zig:6    | Identified the amulet of Idealism {+Rage +Inv} (You found
                  | it on level 6 of a ziggurat)
 61306 | Zig:7    | Entered Level 7 of a ziggurat
 61706 | Zig:7    | Identified the +1 longbow of Responsibility {freeze, rN+
                  | Str+2} (You found it on level 7 of a ziggurat)
 61716 | Zig:7    | Got a flickering marble ring
 61717 | Zig:7    | Identified the ring of Eseginn Gank {+Blink rPois rC- SInv}
                  | (You found it on level 7 of a ziggurat)
 61722 | Zig:7    | Reached skill level 24 in Invocations
 61722 | Zig:7    | Reached XP level 27. HP: 278/278 MP: 37/38
 61726 | Zig:8    | Entered Level 8 of a ziggurat
 61819 | Zig:8    | Identified the Collected Works on Protection
 61832 | Zig:8    | Identified the +10 battleaxe of Deformation {chop, -Tele
                  | +Fly rF++ Dex+3} (You found it on level 8 of a ziggurat)
 61970 | Zig:9    | Entered Level 9 of a ziggurat
 62339 | Zig:10   | Entered Level 10 of a ziggurat
 62352 | Zig:10   | Noticed Sapi the pandemonium lord
 62364 | Zig:10   | Killed Sapi the pandemonium lord
 62439 | Zig:10   | Got a heavily runed iron amulet
 62440 | Zig:10   | Identified the amulet "Orphutzupn" {RegenMP rC+ SInv} (You
                  | found it on level 10 of a ziggurat)
 62445 | Zig:10   | Identified the Papyrus of Igneous Changing
 62463 | Zig:11   | Entered Level 11 of a ziggurat
 62662 | Zig:11   | Identified the Guide on Creation
 62667 | Zig:11   | Got a heavily runed bone amulet
 62668 | Zig:11   | Identified the amulet of Maeqotid {Gourm rPois} (You found
                  | it on level 11 of a ziggurat)
 62791 | Zig:12   | Entered Level 12 of a ziggurat
 63144 | Zig:13   | Entered Level 13 of a ziggurat
 63355 | Zig:13   | Identified the +11 dagger "Kaful" {pierce, rPois Str+3}
                  | (You found it on level 13 of a ziggurat)
 63475 | Zig:14   | Entered Level 14 of a ziggurat
 63671 | Zig:14   | Identified the Grimoire of Displacement and Venom
 63683 | Zig:14   | Identified the Compendium of Evil Rites and the Arsonist
 63691 | Zig:14   | Got an ancient lapis lazuli ring
 63692 | Zig:14   | Identified the ring "Huveguy" {rPois Str+3 SInv} (You found
                  | it on level 14 of a ziggurat)
 63708 | Zig:14   | Identified the +6 whip of Tahuic {slash, Str+2} (You found
                  | it on level 14 of a ziggurat)
 63712 | Zig:14   | Identified the +5 mace "Otutur" {crush, Dex+3} (You found
                  | it on level 14 of a ziggurat)
 63856 | Zig:15   | Entered Level 15 of a ziggurat
 64070 | Zig:15   | Identified the +2 robe of Duty {rPois} (You found it on
                  | level 15 of a ziggurat)
 64210 | Zig:16   | Entered Level 16 of a ziggurat
 64633 | Zig:16   | Identified the +7 glaive of Frustration {chop, rF+ Str-4
                  | Dex+2} (You found it on level 16 of a ziggurat)
 64652 | Zig:16   | Got a scintillating golden amulet
 64653 | Zig:16   | Identified the amulet of Wyqimeo {Acrobat rElec Str-2
                  | Int+7} (You found it on level 16 of a ziggurat)
 64673 | Zig:17   | Entered Level 17 of a ziggurat
 64774 | Zig:17   | Got a scorched iron ring
 65104 | Depths:4 | Identified the ring "Tuanna Omaps" {Fire +Blink +Fly
                  | Slay-5} (You found it on level 17 of a ziggurat)
 65421 | Slime:1  | Entered Level 1 of the Pits of Slime
 65850 | Slime:5  | Entered Level 5 of the Pits of Slime
 66060 | Slime:5  | Noticed the Royal Jelly
 66612 | Slime:5  | Killed the Royal Jelly
 67029 | Slime:5  | Gained mutation: You are dopey. (Int -2) [a shining eye]
 67031 | Slime:5  | Gained mutation: Your magical capacity is low. (-10% MP) [a
                  | shining eye]
 67031 | Slime:5  | Gained mutation: Your spells are a little easier to cast,
                  | but a little less powerful. [a shining eye]
 67063 | Slime:5  | Identified Sif Muna's Compendium of Congealing Venom
 67083 | Slime:5  | Got a slimy rune of Zot
 67180 | Slime:5  | Gained mutation: You are clumsy. (Dex -2) [a shining eye]
 67221 | Slime:3  | Gained mutation: Armour fits poorly on your strangely
                  | shaped body. [a shining eye]
 67254 | Lair:5   | Lost mutation: Your spells are a little easier to cast, but
                  | a little less powerful. [potion of mutation]
 67254 | Lair:5   | Lost mutation: Your magical capacity is low. (-10% MP)
                  | [potion of mutation]
 67254 | Lair:5   | Gained mutation: You occasionally shout uncontrollably at
                  | your foes. [potion of mutation]
 67254 | Lair:5   | Gained mutation: Your muscles are strong. (Str +2) [potion
                  | of mutation]
 67255 | Lair:5   | Lost mutation: You are clumsy. (Dex -2) [potion of
                  | mutation]
 67255 | Lair:5   | Lost mutation: You are dopey. (Int -2) [potion of mutation]
 67255 | Lair:5   | Gained mutation: Scrolls take you a little longer to read.
                  | [potion of mutation]
 67255 | Lair:5   | Gained mutation: Your spells are a little harder to cast,
                  | but a little more powerful. [potion of mutation]
 67255 | Lair:5   | Gained mutation: You are resistant to electric shocks.
                  | (rElec) [potion of mutation]
 67255 | Lair:5   | Gained mutation: You are partially covered in slimy green
                  | scales. (AC +2) [potion of mutation]
 67256 | Lair:5   | Lost mutation: Your muscles are strong. (Str +2) [potion of
                  | mutation]
 67256 | Lair:5   | Lost mutation: Armour fits poorly on your strangely shaped
                  | body. [potion of mutation]
 67256 | Lair:5   | Lost mutation: Scrolls take you a little longer to read.
                  | [potion of mutation]
 67256 | Lair:5   | Lost mutation: Your spells are a little harder to cast, but
                  | a little more powerful. [potion of mutation]
 67256 | Lair:5   | Gained mutation: Scrolls take you a little longer to read.
                  | [potion of mutation]
 67256 | Lair:5   | Gained mutation: Your system is resistant to poisons.
                  | (rPois) [potion of mutation]
 67257 | Lair:5   | Lost mutation: Scrolls take you a little longer to read.
                  | [potion of mutation]
 67257 | Lair:5   | Lost mutation: Your system is resistant to poisons. (rPois)
                  | [potion of mutation]
 67257 | Lair:5   | Lost mutation: You occasionally shout uncontrollably at
                  | your foes. [potion of mutation]
 67257 | Lair:5   | Gained mutation: You are frail. (-10% HP) [potion of
                  | mutation]
 67257 | Lair:5   | Gained mutation: Your magical capacity is low. (-10% MP)
                  | [potion of mutation]
 67257 | Lair:5   | Gained mutation: Scrolls take you a little longer to read.
                  | [potion of mutation]
 67257 | Lair:5   | Gained mutation: You have a pair of small antennae on your
                  | head. [potion of mutation]
 67258 | Lair:5   | Lost mutation: Scrolls take you a little longer to read.
                  | [potion of mutation]
 67258 | Lair:5   | Lost mutation: You are partially covered in slimy green
                  | scales. (AC +2) [potion of mutation]
 67258 | Lair:5   | Lost mutation: Your magical capacity is low. (-10% MP)
                  | [potion of mutation]
 67258 | Lair:5   | Gained mutation: You have a pair of antennae on your head.
                  | [potion of mutation]
 67258 | Lair:5   | Gained mutation: You passively map a small area around you.
                  | [potion of mutation]
 67259 | Lair:5   | Lost mutation: You passively map a small area around you.
                  | [potion of mutation]
 67259 | Lair:5   | Lost mutation: You are frail. (-10% HP) [potion of
                  | mutation]
 67259 | Lair:5   | Lost mutation: You have a pair of antennae on your head.
                  | [potion of mutation]
 67259 | Lair:5   | Lost mutation: You have a pair of small antennae on your
                  | head. [potion of mutation]
 67259 | Lair:5   | Gained mutation: You are partially covered in rugged brown
                  | scales. (AC +1, +3% HP) [potion of mutation]
 67646 | Vaults:5 | Entered Level 5 of the Vaults
 67654 | Vaults:5 | Noticed an ancient lich
 67663 | Vaults:5 | Reached skill level 15 in Shields
 67687 | Vaults:5 | Killed an ancient lich
 68212 | Vaults:5 | Reached skill level 15 in Armour
 68305 | Vaults:5 | Identified the +3 spear of Bloody Death {speed, rN+ Dex+7
                  | Stlth+}
 68330 | Vaults:5 | Noticed an ancient lich
 68349 | Vaults:5 | Killed an ancient lich
 68570 | Vaults:5 | Identified the ring of Oqamyduc {rPois rC+ Int+2} (You
                  | found it on level 5 of the Vaults)
 68754 | Vaults:5 | Identified the +6 short sword of Xakaca {pierce, rPois}
 68782 | Vaults:5 | Got a silver rune of Zot
 68942 | Vaults:5 | Identified the ring "Nun Arch" {rPois rC- rN+ Str+4 Stlth-}
                  | (You found it on level 5 of the Vaults)
 68947 | Vaults:5 | Identified the Catalogue of the Entourage
 69855 | Zot:1    | Entered Level 1 of the Realm of Zot
 69936 | Zot:1    | Noticed an orb of fire
 69954 | Zot:1    | Gained mutation: You occasionally shout uncontrollably at
                  | your foes. [an orb of fire]
 69967 | Zot:1    | Gained mutation: You are clumsy. (Dex -2) [an orb of fire]
 69969 | Zot:1    | Gained mutation: Armour fits poorly on your strangely
                  | shaped body. [an orb of fire]
 69971 | Zot:1    | Gained mutation: You are weak. (Str -2) [an orb of fire]
 69982 | Zot:1    | Gained mutation: Potions are less effective at restoring
                  | your health. [an orb of fire]
 69984 | Zot:1    | Killed an orb of fire
 70003 | Zot:1    | Lost mutation: You are partially covered in rugged brown
                  | scales. (AC +1, +3% HP) [potion of mutation]
 70003 | Zot:1    | Lost mutation: You occasionally shout uncontrollably at
                  | your foes. [potion of mutation]
 70003 | Zot:1    | Gained mutation: Scrolls take you a little longer to read.
                  | [potion of mutation]
 70003 | Zot:1    | Lost mutation: You are resistant to electric shocks.
                  | (rElec) [potion of mutation]
 70003 | Zot:1    | Lost mutation: You are clumsy. (Dex -2) [potion of
                  | mutation]
 70003 | Zot:1    | Gained mutation: Your system is resistant to poisons.
                  | (rPois) [potion of mutation]
 70004 | Zot:1    | Lost mutation: Armour fits poorly on your strangely shaped
                  | body. [potion of mutation]
 70004 | Zot:1    | Lost mutation: Potions are less effective at restoring your
                  | health. [potion of mutation]
 70004 | Zot:1    | Lost mutation: You are weak. (Str -2) [potion of mutation]
 70004 | Zot:1    | Gained mutation: You are weak. (Str -2) [potion of
                  | mutation]
 70004 | Zot:1    | Gained mutation: Your movements are slightly less
                  | encumbered by armour. (ER -2) [potion of mutation]
 71337 | Zot:2    | HP: 12/288 [??? (4)]
 71658 | Zot:2    | Identified the +8 hand axe "Akleigo" {drain, rF+}
 75688 | Zot:5    | Entered Level 5 of the Realm of Zot
 76212 | Zot:5    | Gained mutation: You are clumsy. (Dex -2) [a neqoxec]
 76311 | Zot:5    | Lost intelligence.
 76324 | Zot:5    | Noticed an orb of fire
 76326 | Zot:5    | Gained mutation: Scrolls take you longer to read. [an orb
                  | of fire]
 76332 | Zot:5    | Mangled by an eldritch tentacle

Levels and vault maps discovered:
D:1:      psy_arrival_heroes, layout_loops_ring, kennysheep_pointless_box,
          chequers_serial_rivers_room_a
D:2:      minmay_alternating_diamond, layout_loops_corners
D:3:      layout_loops_corners
D:4:      layout_basic, nicolae_overflow_crystal_walls, first_ration
D:5:      gammafunk_steamed_eel, layout_loops_ring,
          grunt_temple_overflow_cloverleaf, serial_shops,
          nicolae_shop_behind_doors, shop, shop, grunt_ministairs_2,
          trog_hazing_becter, uniq_pikel
D:6:      layout_loops_ring, fountainhead
D:7:      layout_rooms, minmay_temple_entry_junction, the_bakery, uniq_harold
D:8:      layout_loops_corners, okawaru_ov_weapons_minmay, vehumet_statue,
          hangedman_decor_riveting, uniq_psyche, uniq_erica
D:9:      layout_rooms
D:10:     layout_gridville, nicolae_qazlal_general_emergency
D:11:     layout_irregular_city, minmay_lair_entry_grove, orc_0_dummy,
          serial_shops, nicolae_shop_crystal, minivault_22, uniq_nergalle
D:12:     layout_loops_ring, serial_shops, nicolae_shop_trees, trog_wizard
D:13:     layout_loops_ring, david_vaults_4, serial_shops, kennysheep_mini_moat,
          shop, chequers_arboretum, nicolae_twisting_strands
D:14:     layout_small_grid, basic_altar, minmay_misc_feat_diagonals
D:15:     grunt_enter_depths_magical_seal, layout_cave_pools,
          chequers_serial_rivers_small_a, serial_park, serial_park_avenue1,
          serial_park_square3 [serial_park_minivault_5x5_4], serial_park_square3
          [serial_park_minivault_5x5_6]
Temple:   regret_index_temple_generic_petals
Lair:1:   layout_cave_shapes
Lair:2:   layout_cave_pods, portal_ice_cave_entry_pillars_2, st_stairs_13,
          infiniplex_staircase_pool_2, lemuel_fruit_fields
Lair:3:   layout_chaotic_city, elwin_shoals_entry_stream, columned_hall_lemuel,
          grunt_megastairs_1, lemuel_fruit_tree, serial_bayou_shore_b
Lair:4:   layout_concentric_octagons, nicolae_spider_entry_non_spiders
Lair:5:   layout_gridlike, dpeg_slime_entry_enclosed_altar
Lair:6:   hangedman_lair_tendril_chambers, layout_cave_pods,
          guppyfry_lair_end_dragon
Shoals:1: layout_shoals, serial_shops, nicolae_shop_trees,
          nicolae_shoals_seven_spires
Shoals:2: gammafunk_the_bubble [the_bubble_gammafunk_split], layout_shoals,
          lemuel_centaur_altar, uniq_polyphemus, uniq_ilsuiw, uniq_roxanne
Shoals:3: layout_shoals
Shoals:4: shoals_end_simple, layout_shoals
Spider:1: layout_spider_delve, uniq_kirke
Spider:2: layout_spider_delve, nicolae_spider_nook, uniq_arachne
Spider:3: nicolae_spider_corner, nicolae_spider_cling_ruins
Spider:4: grunt_spider_rune_circles, hangedman_spider_tarantella_strand
Slime:1:  layout_caves
Slime:2:  layout_caves
Slime:3:  layout_caves
Slime:4:  layout_caves
Slime:5
Orc:1:    layout_diamond_mine, serial_shops, nicolae_shop_stone, basic_altar
Orc:2:    pf_orc_diabolical, layout_caves
Vaults:1: advil_vaults_ghost_lines, nicolae_vaults_rhombus_7,
          nicolae_vaults_shelves_hall, kennysheep_vaults_gozag_temple,
          vaults_room_grunt_arrival_ludios, vaults_mumra_chevron_long,
          nicolae_vaults_little_squares_6, nicolae_vaults_little_ls,
          hangedman_vaults_snaps, serial_ice_h, vaults_room_pool,
          vaults_dpeg_hooks, nicolae_vaults_asterisk, ontoclasm_vaults_tryst,
          layout_vaults_omnicross
Vaults:2: nicolae_vaults_network_quincunx
          [nicolae_vaults_network_quincunx_subvault,
          nicolae_vaults_network_quincunx_subvault,
          nicolae_vaults_network_quincunx_subvault,
          nicolae_vaults_network_quincunx_subvault,
          nicolae_vaults_network_quincunx_subvault],
          minmay_crypt_entry_simple_plaza,
          nicolae_vaults_windows_and_doors_thing, vaults_dpeg_doors,
          nicolae_vaults_asterisk, hangedman_vaults_restitches, v_alt_pattern_5,
          vaults_room_semicircle, ontoclasm_vaults_ligature,
          layout_vaults_omnigrid, portal_desolation_entry_nicolae_slug,
          serial_shops, shop_statue, uniq_donald
Vaults:3: advil_vaults_ghost_guards, hangedman_vaults_corner_blocks,
          ontoclasm_vaults_ring_large, hangedman_vaults_stitches,
          ontoclasm_vaults_eye, kb_rosetta, grunt_vaults_bifocal,
          ontoclasm_vaults_ring_small, nicolae_vaults_little_squares_5,
          ontoclasm_vaults_chip, v_misc_16, nicolae_vaults_big_ls,
          vaults_room_door_hall, vaults_mumra_hexcomb, layout_vaults_maze
Vaults:4: st_squares, nicolae_vaults_border_crossing, ontoclasm_vaults_hangar,
          ontoclasm_vaults_ring_large, v_rooms_5, grunt_vaults_funnel,
          nicolae_vaults_specimen_jars, v_rooms_1,
          nicolae_vaults_bisected_slash, vaults_dpeg_diagonal, v_misc_15,
          vaults_room_hallway, vaults_room_stairs_pillars,
          vaults_room_door_hall, v_misc_25, ontoclasm_vaults_gateway,
          grunt_vaults_hallway_long, vaults_room_door_ring,
          layout_vaults_omnibox, uniq_xtahua
Vaults:5
Crypt:1:  layout_chaotic_city, grunt_crypt_arrival_split, uniq_boris
Crypt:2:  layout_chaotic_city, minigarden_bobbens, uniq_bai_suzhen
Crypt:3:  lightli_unholy_cathedral, layout_chaotic_city,
          nicolae_tomb_entry_grand_gallery, uniq_saint_roka
Depths:1: minmay_thinvault, layout_cave_pools, minmay_door_square, hell_entry,
          nicolae_trove_entry_free_sample, minmay_misc_feat_hallway,
          kennysheep_generic_room_3, minmay_shop_star, serial_bayou_shore_b,
          uniq_sojobo
Depths:2: minmay_haunted_quarter, layout_basic, serial_bayou_ford_a,
          serial_shops, nicolae_shop_statue_plus, hellmouth_1,
          infiniplex_staircase_zigzag_3
Depths:3: minmay_quantized_circle, layout_basic, hell_entry,
          rand_demon_pan_entry_5
Depths:4: hangedman_stitches_corridor, layout_honeycomb, enter_ziggurat_a,
          chequers_serial_rivers_room_a, nicolae_abyss_entry_one_way_or_another,
          hell_entry, serial_bayou_shore_a
Depths:5: grunt_zot_entry_funnels, layout_gridlike, grunt_metal_band, drop_trap,
          eino_tiny_chamber, lemuel_flame_loot_1, minmay_shop_grove
Hell
Zot:1:    grunt_deathspiral_small, layout_onion
Zot:2:    layout_basic
Zot:3:    cheibrodos_zot_enchanting_chambers, layout_cathedral_of_symmetry,
          zot_minivault_5, grunt_megastairs_2
Zot:4:    layout_twisted_circle
Zot:5:    layout_basic

Skill      XL: |  1  2  3  4  5  6  7  8  9 10 11 12 13 14 15 16 17 18 19 20 21 22 23 24 25 26 27 |
---------------+----------------------------------------------------------------------------------+-----
Axes           | 3 4 |  4.3
Fighting       | 2 3 4 5 6 7 8 9 10 11 12 13 14 15 16 17 20 | 20.5
Dodging        | 3 4 5 6 7 8 9 10 11 12 13 14 15 16 17 20 | 20.5
Polearms       | 2 3 5 6 8 9 10 11 12 13 | 13.7
Invocations    | 3 5 7 9 10 12 13 15 16 18 19 20 21 22 23 24 | 24.0
Shields        | 2 6 8 9 11 15 | 15.0
Armour         | 3 7 8 10 11 20 | 20.0
Throwing       | |  1.7

Action                   |  1- 3 |  4- 6 |  7- 9 | 10-12 | 13-15 | 16-18 | 19-21 | 22-24 | 25-27 || total
-------------------------+-------+-------+-------+-------+-------+-------+-------+-------+-------++-------
Melee: War axe           |    97 |   116 |       |       |       |       |       |       |       ||   213
       Spear             |       |    44 |   225 |   677 |  1956 |  2894 |  2779 |  1914 |  2912 || 13401
       Trident           |       |       |       |    33 |       |       |       |       |       ||    33
       Trishula          |       |       |       |       |       |    59 |   490 |   403 |  2689 ||  3641
       Unarmed           |       |       |       |       |       |       |       |       |     2 ||     2
Throw: Throwing net      |       |       |       |     1 |       |       |       |       |       ||     1
       Large rock        |       |       |       |       |       |       |    11 |     1 |    11 ||    23
       Javelin           |       |       |       |       |       |       |       |       |     4 ||     4
Invok: Divine Shield     |       |       |       |     1 |     1 |     2 |       |       |    10 ||    14
       Summon Divine War |       |       |       |       |       |     4 |     2 |     3 |    10 ||    19
       Cleansing Flame   |       |       |       |       |       |     2 |       |     2 |    34 ||    38
       Brand Weapon With |       |       |       |       |       |     1 |       |       |       ||     1
Evoke: Wand              |       |       |       |       |       |     7 |     1 |       |     1 ||     9
       Phial of floods   |       |       |       |       |       |       |     1 |       |       ||     1
       Lamp of fire      |       |       |       |       |       |       |       |       |     1 ||     1
  Use: Scroll            |       |       |       |    18 |    12 |    23 |     2 |    25 |    40 ||   120
       Potion            |       |       |       |     6 |     4 |    22 |     1 |    12 |    35 ||    80
 Stab: Sleeping          |       |     6 |       |       |       |       |       |       |       ||     6
  Eat: Chunk             |    13 |    17 |    23 |    49 |   108 |    89 |    96 |    63 |   152 ||   610
       Ration            |       |       |       |       |     1 |     5 |     2 |     6 |     9 ||    23
Armor: Robe              |    58 |    58 |    39 |    60 |       |       |       |       |       ||   215
       Fire dragon scale |       |       |       |    24 |   539 |  1066 |   582 |   352 |       ||  2563
       Gold dragon scale |       |       |       |       |       |       |       |    57 |  2659 ||  2716
Dodge: Dodged            |    70 |    95 |    96 |   225 |   630 |  1347 |   957 |   588 |  1887 ||  5895
Block: Other             |       |       |       |     4 |     3 |       |       |       |       ||     7
       Shield            |       |       |       |       |       |   522 |  1224 |   916 |       ||  2662
       Reflection        |       |       |       |       |       |       |       |    66 |   159 ||   225
       Large shield      |       |       |       |       |       |       |       |   111 |  5823 ||  5934

Table legend:
 A = Non-vault XP
 B = Vault XP
 C = Vault XP percentage of total XP
 D = Non-vault monster count
 E = Vault monster count
 F = Vault count percentage of total count
                 A         B        C        D         E       F
            +---------+---------+-------+---------+---------+-------
      Total | 1168589 |  874900 |  42.8 |    1920 |    1022 |  34.7
            +---------+---------+-------+---------+---------+-------
        D:1 |      22 |       0 |   0.0 |      17 |       0 |   0.0
        D:2 |      69 |      23 |  25.0 |      18 |       6 |  25.0
        D:3 |      76 |       0 |   0.0 |      15 |       0 |   0.0
        D:4 |     321 |       0 |   0.0 |      22 |       0 |   0.0
        D:5 |     293 |     630 |  68.3 |       8 |       8 |  50.0
        D:6 |    1047 |       0 |   0.0 |      24 |       0 |   0.0
        D:7 |    1868 |    1212 |  39.4 |      41 |       2 |   4.7
        D:8 |    1711 |    1379 |  44.6 |      13 |       3 |  18.8
        D:9 |    2184 |       0 |   0.0 |      23 |       0 |   0.0
       D:10 |    1732 |       0 |   0.0 |      31 |       0 |   0.0
       D:11 |    7620 |    2806 |  26.9 |      54 |      14 |  20.6
       D:12 |    3935 |       0 |   0.0 |      13 |       0 |   0.0
       D:13 |    6471 |    3153 |  32.8 |      26 |       5 |  16.1
       D:14 |    6125 |     157 |   2.5 |      27 |       1 |   3.6
       D:15 |    5547 |    5295 |  48.8 |      16 |      11 |  40.7
     Lair:1 |    2276 |       0 |   0.0 |       9 |       0 |   0.0
     Lair:2 |    3691 |       0 |   0.0 |      18 |       0 |   0.0
     Lair:3 |    5801 |    2932 |  33.6 |      21 |      10 |  32.3
     Lair:4 |     914 |     251 |  21.5 |       6 |       8 |  57.1
     Lair:5 |    7937 |       0 |   0.0 |      25 |       0 |   0.0
     Lair:6 |    3073 |   14422 |  82.4 |      15 |      51 |  77.3
   Shoals:1 |   14755 |    2691 |  15.4 |      35 |       3 |   7.9
   Shoals:2 |    7059 |   17373 |  71.1 |      17 |      28 |  62.2
   Shoals:3 |   15783 |       0 |   0.0 |      30 |       0 |   0.0
   Shoals:4 |   15818 |   25785 |  62.0 |      28 |      38 |  57.6
   Spider:1 |   21787 |    6993 |  24.3 |      65 |       8 |  11.0
   Spider:2 |   18025 |    4227 |  19.0 |      53 |      11 |  17.2
   Spider:3 |   12472 |   14793 |  54.3 |      42 |      34 |  44.7
   Spider:4 |   21573 |   22256 |  50.8 |      66 |      40 |  37.7
    Slime:1 |    1929 |       0 |   0.0 |       2 |       0 |   0.0
    Slime:2 |    2682 |       0 |   0.0 |       2 |       0 |   0.0
    Slime:3 |    5164 |       0 |   0.0 |       6 |       0 |   0.0
    Slime:4 |    1838 |       0 |   0.0 |       7 |       0 |   0.0
    Slime:5 |    7323 |   31628 |  81.2 |      13 |      12 |  48.0
      Orc:1 |    2657 |       0 |   0.0 |      20 |       0 |   0.0
      Orc:2 |    3010 |   16332 |  84.4 |      18 |      62 |  77.5
   Vaults:1 |   37528 |   20338 |  35.1 |      64 |      22 |  25.6
   Vaults:2 |   46740 |   19423 |  29.4 |      62 |      27 |  30.3
   Vaults:3 |   13361 |   20538 |  60.6 |      20 |      31 |  60.8
   Vaults:4 |   48869 |   49314 |  50.2 |      63 |      56 |  47.1
   Vaults:5 |   47304 |  125746 |  72.7 |      58 |      82 |  58.6
    Crypt:1 |   26780 |    6246 |  18.9 |      41 |       1 |   2.4
    Crypt:2 |   38987 |    9470 |  19.5 |      46 |       5 |   9.8
    Crypt:3 |   20831 |   48372 |  69.9 |      30 |      58 |  65.9
   Depths:1 |   21936 |   22271 |  50.4 |      38 |      17 |  30.9
   Depths:2 |   22472 |    7680 |  25.5 |      32 |      18 |  36.0
   Depths:3 |   47210 |   38696 |  45.0 |      63 |      35 |  35.7
   Depths:4 |   67615 |   30800 |  31.3 |      64 |      27 |  29.7
   Depths:5 |   61684 |   37529 |  37.8 |      45 |      21 |  31.8
       Hell |   19388 |   28831 |  59.8 |      29 |      59 |  67.0
      Zot:1 |   41076 |   65165 |  61.3 |      17 |      39 |  69.6
      Zot:2 |   73681 |    4212 |   5.4 |      45 |       3 |   6.2
      Zot:3 |   29313 |   73471 |  71.5 |      20 |      39 |  66.1
      Zot:4 |   64355 |       0 |   0.0 |      30 |       0 |   0.0
      Zot:5 |   19458 |   37184 |  65.6 |      11 |      13 |  54.2
      Zig:1 |     317 |       0 |   0.0 |       2 |       0 |   0.0
      Zig:2 |    4813 |       0 |   0.0 |       2 |       0 |   0.0
      Zig:3 |    2549 |       0 |   0.0 |       5 |       0 |   0.0
      Zig:4 |    2409 |       0 |   0.0 |      13 |       0 |   0.0
      Zig:5 |    5656 |       0 |   0.0 |       9 |       0 |   0.0
      Zig:6 |    5778 |       0 |   0.0 |       9 |       0 |   0.0
      Zig:7 |   10005 |       0 |   0.0 |       7 |       0 |   0.0
      Zig:8 |    5628 |       0 |   0.0 |      12 |       0 |   0.0
      Zig:9 |   10850 |       0 |   0.0 |      26 |       0 |   0.0
     Zig:10 |   18043 |       0 |   0.0 |      15 |       0 |   0.0
     Zig:11 |   18519 |       0 |   0.0 |      24 |       0 |   0.0
     Zig:12 |   20629 |       0 |   0.0 |      27 |       0 |   0.0
     Zig:13 |   25327 |       0 |   0.0 |      42 |       0 |   0.0
     Zig:14 |   19394 |       0 |   0.0 |      28 |       0 |   0.0
     Zig:15 |   28804 |       0 |   0.0 |      37 |       0 |   0.0
     Zig:16 |   24362 |       0 |   0.0 |      34 |       0 |   0.0
     Zig:17 |    2330 |       0 |   0.0 |       4 |       0 |   0.0
      IceCv |       0 |    5140 | 100.0 |       0 |      20 | 100.0
 Desolation |       0 |   50136 | 100.0 |       0 |      94 | 100.0
            +---------+---------+-------+---------+---------+-------
